 Dungeon Crawl Stone Soup version 0.23-a0-767-gdc19b93d68 (webtiles) character file.

6550 EnegeticOcto the Grappler (level 10, -11/107 HPs)
             Began as a Troll Summoner on Jan 26, 2019.
             Was a Priest of Ru.
             Mangled by a death yak (20 damage)
             ... on level 9 of the Dungeon.
             The game lasted 00:11:09 (8464 turns).

EnegeticOcto the Grappler (Troll Summoner)          Turns: 8464, Time: 00:11:10

Health: -11/107    AC:  9    Str: 18    XL:     10   Next: 70%
Magic:  10/10      EV: 12    Int: 11    God:    Ru [***...]
Gold:   409        SH:  0    Dex: 13    Spells: 11/11 levels left

rFire    . . .     SeeInvis +     - Unarmed
rCold    . . .     Gourm    +   (no shield)
rNeg     . . .     Faith    +   a - +1 robe
rPois    .         Spirit   .   (helmet restricted)
rElec    .         Reflect  .   n - +2 cloak {MR+}
rCorr    .         Harm     .   (gloves unavailable)
MR       +....                  (boots unavailable)
Stlth    ..........             D - amulet of faith
HPRegen  0.67/turn              (no ring)
MPRegen  0.12/turn              A - ring of see invisible

@: drained
A: large, unfitting armour, claws 3, fast metabolism 3, gourmand, regeneration
1, shaggy fur 1, tough skin 2, no stealth, inability to use devices
a: Draw Out Power, Renounce Religion


You were on level 9 of the Dungeon.
You worshipped Ru.
Ru was most pleased with you.
You were very full.

You visited 2 branches of the dungeon, and saw 11 of its levels.

You collected 484 gold pieces.
You spent 75 gold pieces at shops.

Inventory:

Missiles
 q - 5 javelins
 w - 2 throwing nets (quivered) {!f}
Armour
 a - a +1 robe (worn)
 n - a +2 cloak of magic resistance (worn)
 t - a scarf of resistance
Jewellery
 g - a cursed amulet of inaccuracy {unknown}
 j - an uncursed amulet of magic regeneration
 A - a ring of see invisible (right claw)
 D - an amulet of faith (around neck)
Scrolls
 f - 3 scrolls of blinking {@r4}
 r - 3 scrolls of remove curse {@r2}
 s - a scroll of enchant armour
 y - 7 scrolls of teleportation {@r3 !r}
Potions
 b - 3 potions of invisibility
 d - a potion of might {@q3 !q}
 e - 2 potions of flight
 h - a potion of ambrosia
 i - 3 potions of brilliance
 k - 2 potions of magic
 l - a potion of degeneration {unknown}
 m - 3 potions of haste {@q4 !q}
 o - 2 potions of resistance
 u - a potion of berserk rage {unknown}
 x - a potion of curing {@q1}
 B - 2 potions of agility {@q5 !q}
Comestibles
 c - 18 rations


   Skills:
 + Level 9.1(8.7) Fighting
 - Level 5.0(4.7) Dodging
 - Level 10.7(10.3) Unarmed Combat
 - Level 1.2(0.9) Spellcasting
   Level 2.9(2.6) Summonings


You had 11 spell levels left.
You didn't know any spells.
Your spell library contained the following spells:

 Spells                   Type           Power        Failure   Level  Hunger
 Summon Small Mammal      Summ           #...         11%         1    ##.....
 Call Imp                 Summ           #.......     17%         2    ###....
 Confusing Touch          Hex            #.....       32%         1    ##.....
 Corona                   Hex            #......      32%         1    ##.....
 Sting                    Conj/Pois      #...         32%         1    ##.....
 Call Canine Familiar     Summ           #.......     32%         3    ####...
 Poisonous Vapours        Pois/Air       #.....       45%         2    ###....
 Slow                     Hex            #.......     45%         2    ###....
 Summon Guardian Golem    Hex/Summ       #.......     50%         3    ####...
 Confuse                  Hex            #.......     69%         3    ####...
 Gell's Gravitas          Tloc           #.........   69%         3    ####...
 Inner Flame              Hex/Fire       #.......     69%         3    ####...
 Mephitic Cloud           Conj/Pois/Air  #.......     69%         3    ####...
 Portal Projectile        Hex/Tloc       #.....       69%         3    ####...
 Summon Ice Beast         Ice/Summ       #.......     88%         4    #####..
 Summon Lightning Spire   Summ/Air       #.......     88%         4    #####..
 Cause Fear               Hex            #.........   97%         4    #####..
 Leda's Liquefaction      Hex/Erth       #.........   97%         4    #####..
 Olgreb's Toxic Radiance  Pois           #.......     97%         4    #####..
 Petrify                  Tmut/Erth      #.......     97%         4    #####..
 Metabolic Englaciation   Hex/Ice        #.........   100%        5    ######.
 Venom Bolt               Conj/Pois      #.........   100%        5    ######.
 Yara's Violent Unravell  Hex/Tmut       #.........   100%        5    ######.


Dungeon Overview and Level Annotations

Branches:
Dungeon (10/15)            Temple (1/1) D:5             Orc (0/2) D:9
   Lair: D:8-11

Altars:
Ashenzari
Cheibriados
Dithmenos
Elyvilon
Fedhas
Gozag
Hepliaklqana
Kikubaaqudgha
Nemelex Xobeh
Okawaru
Qazlal
Ru
Sif Muna
Trog
Uskayaw
Vehumet
Wu Jian
Xom
Yredelemnul
Zin
The Shining One

Shops:
D:4 =?}%%   D:7 (   D:9 (

Annotations:
D:4 3 runed doors, domsik's ghost, amateur DEFE


Innate Abilities, Weirdness & Mutations

You are too large for most types of armour.
You have claws for hands.
Your metabolism is lightning-fast.
You like to eat raw meat.
Your natural rate of healing is unusually fast.
You are covered in fur. (AC +1)
You have very tough skin. (AC +2)
You cannot be stealthy.
You cannot study or use magical devices.


Message History

You claw the death yak!
The death yak is almost dead.
The death yak gores you!
You scratch the death yak but do no damage.
The death yak is almost dead.
The death yak gores you!!
* * * LOW HITPOINT WARNING * * *
You barely miss the death yak.
The death yak is almost dead.
The death yak gores you!!
* * * LOW HITPOINT WARNING * * *
You focus your will and illuminate the death yak in retribution!
There is a stone staircase leading up here.
The death yak stops glowing.
The death yak gores you!
* * * LOW HITPOINT WARNING * * *
You climb upwards.
There is a stone staircase leading down, spattered with blood here.
You feel less exhausted. The death yak gores you!!
You die...

#.....'.............
#.....#.....########
#.....#.....#.......
#.....#.....#......#
#.....'.....#......#
#.....#######......#
#..................#
#..................#
##.@...............)
#..Y............)).
#...†...#########..
#...>...# #..
#####)..# #.. #...#
#.. #...# ### #####


You could see a death yak.

Vanquished Creatures
  A two-headed ogre (D:9)
  A death yak (D:9)
  Pikel (D:6)
  A komodo dragon (D:10)
  A troll (D:9)
  Grinder (D:3)
  Eustachio (D:6)
  5 yaks (D:9)
  4 ice beasts
  A sky beast (D:10)
  3 slaves (D:6)
  An orc warrior (D:3)
  2 ogres (D:6)
  2 necrophages (D:8)
  A phantom (D:8)
  3 centaurs (D:8)
  A crocodile (D:8)
  A gnoll sergeant (D:8)
  3 scorpions
  9 killer bees
  2 jellies
  2 crimson imps
  A centaur zombie (D:9)
  2 bullfrog zombies
  A quasit (D:9)
  A bullfrog skeleton (D:6)
  Crazy Yiuf (D:2)
  4 hounds
  7 orc priests
  8 orc wizards
  Ijyb (D:3)
  Jessica (D:2)
  Terence (D:2)
  4 iguanas
  A worker ant (D:8)
  Robin (D:2)
  21 gnolls
  6 adders
  2 shadow imps
  2 oozes (D:2)
  2 adder zombies
  3 adder skeletons
  2 worms
  2 dart slugs
  6 leopard geckos
  27 orcs
  A giant cockroach (D:5)
  14 goblins
  8 hobgoblins
  6 jackals
  6 quokkas
  3 ball pythons
  4 bats
  6 frilled lizards
  7 kobolds
  5 rats
  A fungus (D:2)
215 creatures vanquished.

Notes
Turn   | Place    | Note
-------+----------+-------------------------------------------
     0 | D:1      | EnegeticOcto the Troll Summoner began the quest for the
                  | Orb.
     0 | D:1      | Reached XP level 1. HP: 16/16 MP: 1/1
    94 | D:1      | Reached skill level 1 in Unarmed Combat
   207 | D:1      | Reached XP level 2. HP: 21/24 MP: 2/2
   409 | D:1      | Reached skill level 2 in Unarmed Combat
   532 | D:1      | You fall through a shaft!
   728 | D:2      | Noticed Terence
   738 | D:2      | Killed Terence
   738 | D:2      | Reached skill level 3 in Unarmed Combat
   738 | D:2      | Reached XP level 3. HP: 23/31 MP: 3/3
   819 | D:2      | Noticed Jessica
   823 | D:2      | Killed Jessica
   823 | D:2      | Reached XP level 4. HP: 39/39 MP: 4/4
   897 | D:2      | Noticed Robin
   908 | D:2      | Reached skill level 4 in Unarmed Combat
  1006 | D:2      | Killed Robin
  1006 | D:2      | Reached XP level 5. HP: 34/45 MP: 5/5
  1151 | D:2      | Reached skill level 5 in Unarmed Combat
  1492 | D:2      | Found a runed door.
  1496 | D:2      | Noticed Crazy Yiuf
  1506 | D:2      | Killed Crazy Yiuf
  1833 | D:3      | Noticed Ijyb
  1841 | D:3      | Killed Ijyb
  1888 | D:3      | Found a hazy altar of Hepliaklqana.
  1968 | D:3      | Noticed Grinder
  2013 | D:3      | Killed Grinder
  2013 | D:3      | Reached skill level 7 in Unarmed Combat
  2013 | D:3      | Reached XP level 6. HP: 40/53 MP: 6/6
  2041 | D:3      | Found a snail-covered altar of Cheibriados.
  2214 | D:4      | Reached XP level 7. HP: 43/59 MP: 7/7
  2433 | D:4      | Reached skill level 8 in Unarmed Combat
  2492 | D:4      | Found Tikh's Food Boutique.
  2503 | D:4      | Found Cetzif's Food Boutique.
  2526 | D:4      | Found Ytioch's Magic Scroll Boutique.
  2529 | D:4      | Found Zingo's Gadget Shoppe.
  2540 | D:4      | Bought a scroll of blinking for 75 gold pieces
  2671 | D:4      | Found a runed gate.
  2671 | D:4      | Found an opulent altar of Gozag.
  2672 | D:4      | Found a runed gate.
  2672 | D:4      | Found a runed gate.
  2673 | D:4      | Noticed domsik's ghost (amateur DEFE)
  2867 | D:4      | Found Niumu's Jewellery Shop.
  3062 | D:5      | Entered Level 5 of the Dungeon
  3314 | D:5      | Reached skill level 9 in Unarmed Combat
  3384 | D:5      | Found a radiant altar of Vehumet.
  3463 | D:5      | Found a white marble altar of Elyvilon.
  3557 | D:5      | Found a staircase to the Ecumenical Temple.
  3573 | Temple   | Entered the Ecumenical Temple
  3660 | Temple   | Became a worshipper of Ru the Awakened
  3933 | D:6      | Reached XP level 8. HP: 36/67 MP: 8/8
  4031 | D:6      | Noticed Pikel
  4108 | D:6      | Killed Pikel
  4108 | D:6      | Reached skill level 10 in Unarmed Combat
  4260 | D:6      | Reached skill level 1 in Fighting
  4599 | D:6      | Reached XP level 9. HP: 80/80 MP: 9/9
  4678 | D:6      | Noticed Eustachio
  4688 | D:6      | Killed Eustachio
  5292 | D:7      | Gained mutation: You cannot be stealthy. [Ru sacrifice]
  5293 | D:7      | Found Jeeqob's Weapon Emporium.
  5858 | D:7      | Found an ancient bone altar of Kikubaaqudgha.
  5858 | D:7      | Found a bloodstained altar of Trog.
  6545 | D:8      | Reached skill level 5 in Dodging
  6583 | D:8      | Reached skill level 5 in Fighting
  6907 | D:8      | Found a stormy altar of Qazlal.
  6946 | D:8      | Found an iron altar of Okawaru.
  7006 | D:8      | Gained mutation: You cannot study or use magical devices.
                  | [Ru sacrifice]
  7006 | D:8      | Reached * piety under Ru
  7006 | D:8      | Reached ** piety under Ru
  7006 | D:8      | Reached *** piety under Ru
  7341 | D:9      | Noticed a two-headed ogre
  7351 | D:9      | Killed a two-headed ogre
  7351 | D:9      | Reached XP level 10. HP: 61/100 MP: 10/10
  7550 | D:9      | Found Winaj's Weapon Shop.
  7633 | D:9      | Found a shattered altar of Ashenzari.
  7827 | D:9      | Found a staircase to the Orcish Mines.
  8128 | D:10     | Entered Level 10 of the Dungeon
  8169 | D:10     | Noticed a death yak
  8182 | D:10     | Noticed a death yak
  8331 | D:10     | Noticed a death yak
  8348 | D:9      | Killed a death yak
  8464 | D:9      | Mangled by a death yak

Vault maps used:
D:1:      scummos_arrival_simple_crosswalls, minmay_cut_off
D:2:      uniq_jessica, uniq_terence, uniq_crazy_yiuf_cottage, uniq_robin
D:3:      lemuel_coloured_pillars_altar, overflow_temple_1_default, uniq_ijyb,
          uniq_grinder
D:4:      serial_shops, shop, nicolae_shop_window_shopping, shop_statue, shop,
          shop, ebering_ghost_gozag
D:5:      minmay_temple_entry_trees, basic_altar, first_ration, elyvilon_altar_4
D:6:      uniq_eustachio, uniq_pikel
D:7:      gammafunk_temple_overflow_statue, serial_shops,
          nicolae_shop_waterfront
D:8:      kennysheep_okawaru_gauntlet, basic_altar
D:9:      minmay_spotlight, ashenzari_conservatory_becter, orc_0_dummy,
          serial_shops, nicolae_shop_trees
D:10:     dpeg_lair_monsters, gammafunk_ghost_hive
Temple:   nicolae_temple_elliptical

Skill      XL: |  1  2  3  4  5  6  7  8  9 10 |
---------------+-------------------------------+-----
Unarmed Combat | 1 3 4 7 9 10 | 10.7
Fighting       | 2 6 9 |  9.1
Dodging        | 3 5 |  5.0
Stealth        | 0 |  0.0
Spellcasting   | |  1.2
Summonings     | |  2.9

Action                   |  1- 3 |  4- 6 |  7- 9 | 10-12 || total
-------------------------+-------+-------+-------+-------++-------
Melee: Unarmed           |    68 |   152 |   376 |   130 ||   726
       Punch             |       |     2 |    11 |    14 ||    27
Invok: Sacrifice Stealth |       |       |     1 |       ||     1
       Sacrifice Artific |       |       |     1 |       ||     1
       Draw Out Power    |       |       |       |     2 ||     2
Evoke: Wand              |       |       |     3 |       ||     3
  Use: Potion            |       |     1 |     4 |       ||     5
       Scroll            |       |       |    16 |     5 ||    21
 Stab: Sleeping          |     2 |     3 |     2 |       ||     7
       Distracted        |     1 |       |       |       ||     1
       Invisible         |       |     1 |     1 |       ||     2
  Eat: Chunk             |    10 |    13 |    50 |     9 ||    82
Armor: Robe              |    18 |    52 |   136 |    44 ||   250
Dodge: Dodged            |    30 |    58 |   236 |    63 ||   387

Table legend:
 A = Non-vault XP
 B = Vault XP
 C = Vault XP percentage of total XP
 D = Non-vault monster count
 E = Vault monster count
 F = Vault count percentage of total count
                 A         B        C        D         E       F
            +---------+---------+-------+---------+---------+-------
      Total |    7149 |    2209 |  23.6 |     186 |      25 |  11.8
            +---------+---------+-------+---------+---------+-------
        D:1 |      23 |       2 |   8.0 |      15 |       2 |  11.8
        D:2 |     111 |     151 |  57.6 |      21 |      15 |  41.7
        D:3 |     168 |     333 |  66.5 |      14 |       2 |  12.5
        D:4 |     356 |       0 |   0.0 |      20 |       0 |   0.0
        D:5 |     221 |       0 |   0.0 |      12 |       0 |   0.0
        D:6 |     873 |     820 |  48.4 |      28 |       2 |   6.7
        D:7 |     254 |       0 |   0.0 |      15 |       0 |   0.0
        D:8 |    1698 |       0 |   0.0 |      31 |       0 |   0.0
        D:9 |    2651 |     903 |  25.4 |      19 |       4 |  17.4
       D:10 |     794 |       0 |   0.0 |      11 |       0 |   0.0
            +---------+---------+-------+---------+---------+-------
